 Dungeon Crawl Stone Soup version 0.28.0-43-g3370ac3207 (webtiles) character file.

Game seed: 8224769812583767949

731 adizb the Poker (level 7, -3/63 HPs)
             Began as a Minotaur Monk on Mar 9, 2022.
             Killed by nerve-wracking pain
             ... invoked by Menkaure
              (6 damage)
             ... on level 6 of the Dungeon.
             The game lasted 00:19:23 (4732 turns).

adizb the Poker (Minotaur Monk)                     Turns: 4732, Time: 00:19:24

Health: -3/63      AC: 15    Str: 18    XL:     7   Next: 45%
Magic:  7/7        EV:  9    Int:  7    God:
Gold:   188        SH:  0    Dex: 16    Spells: 6/6 levels left

rFire   . . .      SeeInvis .   n - +0 flail (holy)
rCold   x . .      Faith    .   (no shield)
rNeg    . . .      Spirit   .   s - +0 chain mail of Saudd {rC- Dex+4}
rPois   .          Reflect  .   (helmet restricted)
rElec   .          Harm     .   (no cloak)
rCorr   .          Rampage  .   q - +0 pair of gloves
Will    .....                   a - +0 pair of boots
Stlth   ..........              p - amulet of magic regeneration
HPRegen 0.20/turn               e - +4 ring of protection
MPRegen 0.50/turn               (no ring)

@: about to teleport
A: horns 2, retaliatory headbutt
a: no special abilities


You were on level 6 of the Dungeon.
You visited 1 branch of the dungeon, and saw 6 of its levels.

You collected 188 gold pieces.

Inventory:

Hand Weapons
 d - a +1 trident of venom
 f - a +0 hunting sling
 j - a +0 trident
 n - a +0 flail of holy wrath (weapon)
Missiles
 b - 98 arrows
 g - 147 stones (quivered)
 o - 3 poisoned darts
 r - 2 boomerangs
 y - 15 sling bullets
 z - 5 atropa-tipped darts
Armour
 a - a +0 pair of boots (worn)
 c - a +0 scale mail
 q - a +0 pair of gloves (worn)
 s - the +0 chain mail of Saudd (worn) {rC- Dex+4}
   (You found it on level 6 of the Dungeon)

   Dex:       It affects your dexterity (+4).
   rC:        It makes you vulnerable to cold.
 u - a +0 ring mail
Jewellery
 e - a +4 ring of protection (left hand)
 p - an amulet of magic regeneration (around neck)
Scrolls
 h - a scroll of fog {unknown}
 i - a scroll of noise {unknown}
 k - a scroll of magic mapping {unknown}
 l - a scroll of enchant armour {unknown}
 x - a scroll of fear
Potions
 m - a potion of brilliance
 v - a potion of curing


   Skills:
 * Level 6.2 Fighting
 * Level 6.3 Polearms
 + Level 3.0 Armour
 + Level 4.5 Dodging
 - Level 1.5 Stealth
 + Level 3.1 Shields
 + Level 2.4 Invocations


You had 6 spell levels left.
You didn't know any spells.
Your spell library contained the following spells:

 Spells                   Type           Power      Damage    Failure   Level
 Magic Dart               Conj           0%         1d3       99%         1
 Call Imp                 Summ           0%         N/A       100%        2
 Searing Ray              Conj           0%         2d4       100%        2
 Mephitic Cloud           Conj/Pois/Air  0%         N/A       100%        3
 Fulminant Prism          Conj/Hex       0%         3d6       100%        4
 Alistair's Intoxication  Tmut/Pois      0%         N/A       100%        5
 Borgnjor's Vile Clutch   Necr/Erth      0%         N/A       100%        5
 Eringya's Noxious Bog    Tmut/Pois      0%         N/A       100%        6


Dungeon Overview and Level Annotations

Branches:
Dungeon (6/15)
 Temple: D:4-7

Altars:
Ashenzari
Dithmenos
Hepliaklqana
Nemelex Xobeh
Xom
The Shining One

Shops:
D:6 [

Annotations:
D:6 Menkaure


Innate Abilities, Weirdness & Mutations

You have a pair of horns on your head.
You reflexively headbutt those who attack you in melee.


Message History

Menkaure calls on the powers of darkness!
Your body is wracked with pain!
You barely miss Menkaure. You headbutt Menkaure.
Menkaure is moderately damaged.
Menkaure hums in an indecipherable tongue.
Menkaure gestures at you while chanting.
Pain shoots through your body!
* * * LOW HITPOINT WARNING * * *
Menkaure barely misses you. You furiously retaliate!
You headbutt Menkaure, but do no damage.
Okay, then.
Okay, then.
You barely miss Menkaure.
Menkaure is moderately damaged.
Menkaure hits you.
* * * LOW HITPOINT WARNING * * *
Menkaure calls on the powers of darkness!
Your body is wracked with pain!
* * * LOW HITPOINT WARNING * * *
Okay, then.
You feel better. Menkaure casts a spell at you. Pain shoots through your body!
* * * LOW HITPOINT WARNING * * *
You feel better. Menkaure hits you but does no damage.
You barely miss Menkaure. You headbutt Menkaure.
Menkaure is moderately damaged.
Menkaure's bandages flutter.
Menkaure hits you but does no damage. Menkaure hits you!
* * * LOW HITPOINT WARNING * * *
Menkaure points at you and mumbles some strange words.
You struggle to resist.
As you read the scroll of teleportation, it crumbles to dust.
You feel strangely unstable.
Menkaure calls on the powers of darkness!
You feel a surge of unholy energy.
Menkaure shouts, "You disturbed my rest!
Die!"
Menkaure points at you and mumbles some strange words.
Pain shoots through your body!
You die...

###### ### ##....##
#... #......##...#
#########......#....#
###.......)...........#
#.................#...#
#.############@.......#
#.# ..... #........#
#.# ####### #M........
#.#.# ... #.........
#.#.#.### #.........
#.#.#.#∩.#.#.#.........
#.#.#.##.#.#.#.>....#..
##.#.# #.#...####..
#..# # # #....


You could see Menkaure (fast).

Vanquished Creatures
  An ogre (D:5)
  A centaur skeleton (D:6)
  2 orc priests
  3 hounds
  2 bullfrog skeletons (D:5)
  Terence (D:3)
  An iguana (D:4)
  3 orc wizards (D:5)
  A scorpion zombie (D:5)
  A hound skeleton (D:4)
  Robin (D:2)
  3 gnolls (D:4)
  8 adders
  2 shadow imps (D:5)
  An adder skeleton (D:4)
  4 worms
  3 dart slugs
  21 orcs
  5 ball pythons
  5 endoplasms
  2 giant cockroaches
  11 goblins
  11 hobgoblins
  4 kobolds
  2 bats (D:1)
  7 rats
106 creatures vanquished.

Vanquished Creatures (others)
  A plant (D:1)
1 creature vanquished.

Grand Total: 107 creatures vanquished

Notes
Turn   | Place    | Note
-------+----------+-------------------------------------------
     0 | D:1      | adizb the Minotaur Monk began the quest for the Orb.
     0 | D:1      | Reached XP level 1. HP: 19/19 MP: 0/0
   364 | D:1      | Reached XP level 2. HP: 27/27 MP: 1/1
   414 | D:1      | Found a faded altar of an unknown god.
  1001 | D:2      | Reached XP level 3. HP: 28/33 MP: 2/2
  1124 | D:2      | Reached skill level 1 in Armour
  1124 | D:2      | Reached skill level 1 in Shields
  1194 | D:2      | Reached XP level 4. HP: 36/41 MP: 3/3
  1304 | D:2      | Noticed Robin
  1331 | D:2      | HP: 2/41 [poisoned by Robin]
  1865 | D:2      | Found a shadowy altar of Dithmenos.
  1881 | D:2      | Killed Robin
  1882 | D:2      | Reached skill level 1 in Invocations
  2293 | D:3      | Reached XP level 5. HP: 45/47 MP: 4/4
  2411 | D:3      | Noticed Terence
  2419 | D:3      | Killed Terence
  2576 | D:3      | Found a hazy altar of Hepliaklqana.
  2769 | D:3      | Reached skill level 5 in Polearms
  3013 | D:4      | Found a shimmering altar of Xom.
  3076 | D:4      | Reached skill level 5 in Fighting
  3136 | D:4      | Found a glowing golden altar of the Shining One.
  3440 | D:4      | Reached XP level 6. HP: 56/56 MP: 6/6
  3649 | D:4      | HP: 2/56 [gnoll/+0 flail (7)]
  3748 | D:5      | Entered Level 5 of the Dungeon
  4075 | D:5      | Found a shadowy altar of Dithmenos.
  4081 | D:5      | Found a sparkling altar of Nemelex Xobeh.
  4220 | D:5      | Reached XP level 7. HP: 58/62 MP: 7/7
  4596 | D:6      | Identified the +0 chain mail of Saudd {rC- Dex+4}
  4644 | D:6      | Found a broken altar of Ashenzari.
  4686 | D:6      | Found Hid Anut's Antique Armour Boutique.
  4715 | D:6      | Noticed Menkaure
  4727 | D:6      | HP: 2/63 [Menkaure (11)]
  4732 | D:6      | Killed from afar by Menkaure

Illustrated notes

Levels and vault maps discovered:
D:1:      dpeg_arrival_arbitrary_b, layout_rooms,
          hellmonk_ecumenical_altar_pennies_from_heaven, chequers_big_river,
          bh_walls_and_bars
D:2:      layout_basic, basic_altar, uniq_robin
D:3:      layout_basic, mainiacjoe_overflow_alcove_2, uniq_terence
D:4:      layout_gridville, mainiacjoe_overflow_paths,
          nicolae_gozag_seed_capital, old_standard_altar
D:5:      layout_gridville, mainiacjoe_overflow_large_starburst, serial_shops,
          kennysheep_mini, grunt_decor_cap, nrook_mini_backslash,
          minmay_diced_spiral
D:6:      layout_cave_pools, lemuel_crystal_altar, general_overflow_altar,
          minmay_temple_entry_glass, serial_shops, nicolae_inconvenience_store,
          uniq_menkaure, uniq_eustachio

Skill      XL: |  1  2  3  4  5  6  7 |
---------------+----------------------+-----
Polearms       | 4 5 6 |  6.3
Fighting       | 4 5 6 |  6.2
Armour         | 1 2 3 |  3.0
Shields        | 1 2 3 |  3.1
Invocations    | 1 2 |  2.4
Dodging        | 4 |  4.5
Stealth        | |  1.5

Action                   |  1- 3 |  4- 6 |  7- 9 || total
-------------------------+-------+-------+-------++-------
Melee: Spear             |    87 |    46 |       ||   133
       Headbutt          |    10 |    23 |    12 ||    45
       Trident           |       |   153 |    50 ||   203
       Punch             |       |     2 |       ||     2
       Flail             |       |       |     8 ||     8
  Use: Potion            |     2 |     7 |     5 ||    14
       Scroll            |     2 |     3 |     2 ||     7
 Stab: Sleeping          |     1 |       |       ||     1
       Invisible         |       |       |     2 ||     2
Armor: Scale mail        |    14 |    66 |       ||    80
       Ring mail         |       |     1 |    22 ||    23
       Chain mail        |       |       |     6 ||     6
Dodge: Dodged            |    22 |    87 |    27 ||   136
